 Dungeon Crawl Stone Soup version 0.31-a0-188-g5e087ee2ca (webtiles) character file.

Game seed: 10303943833445510058

21 qw the Shooter (level 2, 0/16 HPs)
             Began as a Deep Elf Hunter on June 23, 2023.
             Slain by a quokka (1 damage)
             ... on level 1 of the Dungeon.
             The game lasted 00:00:07 (230 turns).

qw the Shooter (Deep Elf Hunter)                     Turns: 230, Time: 00:00:08

Health: 0/16       AC:  3    Str:  8    XL:     2   Next: 65%
Magic:  4/4        EV: 12    Int: 13    God:
Gold:   35         SH:  0    Dex: 18    Spells: 1/1 levels left

rFire   . . .        a - +0 shortbow
rCold   . . .        (shield currently unavailable)
rNeg    . . .        c - +0 leather armour
rPois   .            (no helmet)
rElec   .            (no cloak)
rCorr   .            (no gloves)
SInv    .            (no boots)
Will    .....        (no amulet)
Stlth   ++           (no ring)
HPRegen 0.22/turn    (no ring)
MPRegen 0.09/turn

%: no passive effects
@: no status effects
A: no striking features
a: no special abilities


You were on level 1 of the Dungeon.
You visited 1 branch of the dungeon, and saw 1 of its levels.

You collected 83 gold pieces.
You spent 48 gold pieces at shops.


   Skills:
 - Level 1.5 Fighting
 + Level 6.4 Ranged Weapons
 - Level 2.4 Dodging
 - Level 1.2 Stealth


You had one spell level left.
You didn't know any spells.
Your spell library was empty.

Inventory:

Hand Weapons
 a - a +0 shortbow (weapon)
Armour
 c - a +0 leather armour (worn)
Scrolls
 b - a scroll of butterflies
 e - 2 scrolls of identify
Potions
 d - a potion of heal wounds {unknown}

Dungeon Overview and Level Annotations

Branches:
Dungeon (1/15)

Altars:

Shops:
D:1 ?


Message History

You shoot an arrow. The arrow hits the jackal!
You kill the jackal!
You shoot an arrow. The arrow hits the jackal.
You kill the jackal!
The jackal closely misses you.
The rat twitches its whiskers.
The gnoll hits you from afar with a +0 spear.
A hobgoblin comes into view.
You shoot an arrow. The hobgoblin shouts!
The arrow hits the jackal.
You kill the jackal!
You hear a shout!
A jackal comes into view.
A quokka comes into view.
The gnoll hits you from afar with a +0 spear.
You shoot an arrow. The arrow hits the rat.
The rat is severely wounded.
The rat misses you. The gnoll barely misses you.
You shoot an arrow. The arrow hits the rat.
You kill the rat!
The gnoll hits you from afar with a +0 spear.
The quokka barely misses you.
You shoot an arrow. The arrow hits the quokka.
You kill the quokka!
The gnoll hits you from afar with a +0 spear.
You shoot an arrow. The arrow hits the jackal!
You kill the jackal!
The gnoll closely misses you.
A quokka comes into view.
You shoot an arrow. The arrow hits the quokka.
The quokka is heavily wounded.
The gnoll misses you. The quokka bites you.
You shoot an arrow. The arrow closely misses the quokka.
The arrow barely misses the hobgoblin.
The gnoll misses you. The quokka bites you.
You shoot an arrow. The arrow closely misses the quokka.
The arrow hits the hobgoblin.
The hobgoblin is heavily wounded.
The gnoll hits you but does no damage. The quokka bites you.
You die...

....
##.#.##.#.###. ##.
#.......# #...
####.####.#.#.
####.####.....
#....##.##...#
#####.####...#####
#.....###.....####
#.#####'.......'##
#@# #.##.....##.#
#r# ##.##...##(##


gg# ##'##.##'## ...# ##.##.##.## ..... ##...#'#...## ..r#.# #....'.'.<..'
#...#.. ##...###...## ....... ##.## ##.## ### ### You could see a gnoll, 2
quokkas and a hobgoblin.

Vanquished Creatures
  An endoplasm (D:1)
  2 giant cockroaches (D:1)
  2 goblins (D:1)
  6 jackals (D:1)
  A quokka (D:1)
  A ball python (D:1)
  A frilled lizard (D:1)
  2 kobolds (D:1)
  3 rats (D:1)
19 creatures vanquished.

Notes
Turn   | Place    | Note
-------+----------+-------------------------------------------
     0 | D:1      | qw the Deep Elf Hunter began the quest for the Orb.
     0 | D:1      | Reached XP level 1. HP: 12/12 MP: 3/3
     0 | D:1      | 0 ||| qw: Version: 0.3-a-9-g12657ce
     0 | D:1      | 0 ||| qw: Game counter: 4221
     0 | D:1      | 0 ||| qw: Always use a shield: true
     0 | D:1      | 0 ||| qw: God list: Okawaru
     0 | D:1      | 0 ||| qw: Allow faded altars: false
     0 | D:1      | 0 ||| qw: Do Orc after D:15 true
     0 | D:1      | 0 ||| qw: Do second Lair branch before Depths: true
     0 | D:1      | 0 ||| qw: Lair rune preference: random
     0 | D:1      | 0 ||| qw: Plans: Normal
     0 | D:1      | 0 ||| PLANNING D:1-11
   146 | D:1      | Reached XP level 2. HP: 15/16 MP: 4/4
   147 | D:1      | Reached skill level 6 in Ranged Weapons
   159 | D:1      | Found Wahygac's Magic Scroll Emporium.
   167 | D:1      | 167 ||| SHOPLISTING scroll of enchant armour (90 gold, have
                  | 68).
   167 | D:1      | 167 ||| SHOPLISTING scroll of enchant weapon (90 gold, have
                  | 68).
   167 | D:1      | 167 ||| BUYING scroll of identify (24 gold).
   167 | D:1      | Bought a scroll of identify for 24 gold pieces
   167 | D:1      | 167 ||| BUYING scroll of identify (24 gold).
   167 | D:1      | Bought a scroll of identify for 24 gold pieces
   167 | D:1      | 167 ||| SHOPLISTING scroll of identify (24 gold, have 20).
   225 | D:1      | HP: 4/16 [gnoll/+0 spear (6)]
   228 | D:1      | HP: 1/16 [quokka (1)]
   230 | D:1      | Slain by a quokka

Levels and vault maps discovered:
D:1:      dpeg_arrival_rhombi, layout_basic, serial_shops,
          nicolae_shop_overgrown_old_shop, shop_fountains, shop,
          nicolae_shop_tiny_glass, nicolae_shop_bloodbath_and_beyond,
          lemuel_flame_loot_1

Skill      XL: |  1  2 |
---------------+-------+-----
Ranged Weapons | 6 |  6.4
Fighting       | |  1.5
Dodging        | |  2.4
Stealth        | |  1.2

Action                     || total
---------------------------++-------
   Fire: Shortbow          ||    43
 Armour: Leather armour    ||     2
  Dodge: Dodged            ||    10

Table legend:
 A = Non-vault XP
 B = Vault XP
 C = Vault XP percentage of total XP
 D = Non-vault monster count
 E = Vault monster count
 F = Vault count percentage of total count
                 A         B        C        D         E       F
            +---------+---------+-------+---------+---------+-------
      Total |      31 |       0 |   0.0 |      19 |       0 |   0.0
            +---------+---------+-------+---------+---------+-------
        D:1 |      31 |       0 |   0.0 |      19 |       0 |   0.0
            +---------+---------+-------+---------+---------+-------
